 Dungeon Crawl Stone Soup version 0.26-a0-937-g67df3f2acb (webtiles) character file.

Game seed: 9548914980721890572

11 Descartes the Sneak (level 2, 0/21 HPs)
             Began as a Felid Delver on Nov 27, 2020.
             Succumbed to a kobold's poison
             ... on level 3 of the Dungeon.
             The game lasted 00:01:26 (350 turns).

Descartes the Sneak (Felid Delver)                   Turns: 350, Time: 00:01:26

Health: 0/21       AC: 21    Str:  8    XL:     2   Next: 13%
Magic:  3/3        EV:  4    Int: 11    God:
Gold:   9          SH:  0    Dex: 17    Spells: 1/1 levels left
                                        Lives:  0   Deaths: 0

rFire    . . .     SeeInvis +     - Unarmed
rCold    . . .     Faith    .   (shield unavailable)
rNeg     + + +     Spirit   .   (armour unavailable)
rPois    +         Reflect  .   (helmet unavailable)
rElec    .         Harm     .   (cloak unavailable)
rCorr    .         Rampage  .   (gloves unavailable)
MR       .....     NoTele   +   (boots unavailable)
Stlth    ++++......             (no amulet)
HPRegen  0.07/turn              (no ring)
MPRegen  0.08/turn              (no ring)

@: lethally poisoned (0 -> -1), tree-form
A: very small, no armour, no weapons or thrown items, stealth, see invisible
a: no special abilities


You were on level 3 of the Dungeon.
You were a tree.
You visited 2 branches of the dungeon, and saw 4 of its levels.

You collected 9 gold pieces.

Inventory:

Wands
 e - a wand of digging (3)
Scrolls
 a - a scroll of fog
 b - a scroll of magic mapping
 c - a scroll of fear
Potions
 d - a potion of haste


   Skills:
 - Level 3.0 Fighting
 + Level 3.3 Dodging
 + Level 6.9 Stealth
 - Level 2.0 Unarmed Combat


You had one spell level left.
You didn't know any spells.
Your spell library was empty.

Dungeon Overview and Level Annotations

Branches:
Dungeon (5/15)             Temple (1/1) D:4

Altars:
Ashenzari
Cheibriados
Kikubaaqudgha
Makhleb
Nemelex Xobeh
Okawaru
Ru
Sif Muna
Wu Jian
Xom
Yredelemnul
Zin
The Shining One


Innate Abilities, Weirdness & Mutations

You cannot wear armour.
You are incapable of wielding weapons or throwing items.
Your paws allow you to move quietly. (Stealth)
((You have sharp claws.))
((You have razor-sharp teeth.))
You have supernaturally acute eyesight. (SInv)
((You cover ground quickly.))
((You are covered in fur. (AC +1)))
((Your sharp claws are effective at attacking unaware monsters.))


Message History

Your roots penetrate the ground.
There is a lethal amount of poison in your body!
There is a lethal amount of poison in your body!
There is a lethal amount of poison in your body!
There is a lethal amount of poison in your body!
There is a lethal amount of poison in your body!
Unknown command.
* * * LOW HITPOINT WARNING * * *
You feel sick.
* * * LOW HITPOINT WARNING * * *
You feel sick.
Unknown command.
There is a lethal amount of poison in your body!
There is a lethal amount of poison in your body!
There is a lethal amount of poison in your body!
There is a lethal amount of poison in your body!
There is a lethal amount of poison in your body!
There is a lethal amount of poison in your body!
There is a lethal amount of poison in your body!
You die...

#..# #.# #..#
#.###### #..#
#.##...
#..#####.##.##
#...(..(.....#
#...(...(....###
#.######...)...#
#.# #####.#.#
#.# #♣# # ##.##
#....†.....#
#...#
#.###.#.#....
#.#># #.#.# ##
#.#.# #.# #
#.#.# #.. #.#.#
### #.#.# #.#.#


There were no monsters in sight!

Vanquished Creatures
  An adder (D:3)
  A frilled lizard (D:4)
  A kobold (D:3)
  A rat (D:3)
4 creatures vanquished.

Notes
Turn   | Place    | Note
-------+----------+-------------------------------------------
     0 | D:5      | Descartes the Felid Delver began the quest for the Orb.
     0 | D:5      | Reached XP level 1. HP: 10/10 MP: 2/2
    90 | D:5      | Noticed an orc wizard
    92 | D:4      | Found a staircase to the Ecumenical Temple.
   100 | Temple   | Entered the Ecumenical Temple
   340 | D:3      | Reached XP level 2. HP: 1/14 MP: 3/3
   346 | D:3      | HP: 1/21 [poisoned by a kobold]
   350 | D:3      | Succumbed to a kobold's poison

Illustrated notes

Levels and vault maps discovered:
D:3:      layout_loops_ring, hex_tiny
D:4:      layout_basic, minitemple, nicolae_overflow_crystal_walls,
          minmay_temple_entry_mist, gammafunk_ghost_arena,
          kennysheep_minor_cross, guppyfry_early_orc_mine, uniq_sigmund
D:5:      layout_basic, gammafunk_temple_overflow_statue, serial_shops,
          shop_statue, corexii_shack, zaba_anthole, dk_yredelemnul_ordeal,
          uniq_blork_the_orc
Temple:   dshaligram_water_room_temple

Skill      XL: |  1 |
---------------+----+-----
Dodging        | 3 |  3.3
Fighting       | |  3.0
Stealth        | |  6.9
Unarmed Combat | |  2.0

Action                   || total
-------------------------++-------
Melee: Unarmed           ||    10
       Bite              ||     2
  Use: Potion            ||     1
 Stab: Sleeping          ||     3
Dodge: Dodged            ||     7

Table legend: (Time is in decaauts)
 A = Elapsed time spent in this place.
 B = Non-inter-level travel time spent in this place.
 C = Inter-level travel time spent in this place.
 D = Time resting spent in this place.
 E = Time spent auto-exploring this place.
 F = Levels seen in this place.
 G = Mean time per level.
                   A        B        C        D        E       F      G
               +--------+--------+--------+--------+--------+-----+--------+
         Total |    288 |    259 |     29 |      0 |    207 |   4 |   72.0 |
       Dungeon |    182 |    171 |     11 |      0 |    120 |   3 |   60.7 |
        Temple |    106 |     89 |     17 |      0 |     87 |   1 |  106.0 |
               +--------+--------+--------+--------+--------+-----+--------+

Top non-repeatable levels by time:
  Temple: 106 daAuts
     D:4: 74 daAuts
     D:5: 74 daAuts
     D:3: 33 daAuts
